 Dungeon Crawl Stone Soup version 0.19-b1-4-gd8a0a2a (webtiles) character file.

13424 nikopol the Spear-Bearer (level 11, -12/99 HPs)
             Began as a Minotaur Berserker on Oct 30, 2016.
             Was a High Priest of Trog.
             Mangled by a polar bear (15 damage)
             ... on level 3 of the Lair of Beasts.
             The game lasted 00:38:31 (12457 turns).

nikopol the Spear-Bearer (Minotaur Berserker)      Turns: 12457, Time: 00:38:32

Health: -12/99     AC: 13    Str: 22    XL:     11   Next: 75%
Magic:  10/10      EV: 15    Int:  4    God:    Trog [*****.]
Gold:   681        SH:  0    Dex: 13    Spells: 0 memorised, 10 levels left

rFire  . . .     SeeInvis .     a - +0 spear
rCold  . . .     Gourm    .     d - +0 scale mail
rNeg   + . .     Faith    .     (no shield)
rPois  .         Spirit   .     (helmet restricted)
rElec  .         Reflect  .     h - +1 cloak
rCorr  .         Harm     .     v - +1 pair of gloves
MR     ++...     Rnd*Tele +     (no boots)
Stlth  ..........               (no amulet)
                                j - ring of teleportation (curse)
                                x - ring of positive energy

@: exhausted, regenerating
A: retaliatory headbutt, horns 2
a: Berserk, Trog's Hand, Brothers in Arms, Burn Spellbooks, Renounce Religion


You were on level 3 of the Lair of Beasts.
You worshipped Trog.
Trog was extremely pleased with you.
You were hungry.

You visited 2 branches of the dungeon, and saw 11 of its levels.
You also visited: Ossuary.

You collected 681 gold pieces.

Inventory:

Hand Weapons
 a - a +0 spear (weapon)
 z - a +1 shortbow
Missiles
 g - 181 arrows (quivered)
Armour
 d - a +0 scale mail (worn)
 h - a +1 cloak (worn)
 m - a +0 plate armour
 v - a +1 pair of gloves (worn)
Jewellery
 j - a cursed ring of teleportation (right hand)
 x - a ring of positive energy (left hand)
Wands
 e - a wand of flame (21/48)
 p - a wand of slowing (48/48)
Scrolls
 i - 4 scrolls of teleportation
 r - a scroll of noise {unknown}
 s - 3 scrolls of recharging
 u - 6 scrolls of remove curse
 y - 3 scrolls of fog
 B - a scroll of summoning {unknown}
 D - 6 scrolls of identify
 E - 2 scrolls of magic mapping {unknown}
 F - 2 scrolls of silence {unknown}
 I - a scroll of blinking {unknown}
Potions
 b - a potion of agility
 f - a potion of berserk rage
 k - 5 potions of flight
 l - 2 potions of magic
 n - 8 potions of curing
 o - 2 potions of brilliance
 q - a potion of invisibility
 A - a potion of heal wounds
 C - a potion of might {unknown}
Comestibles
 c - 5 bread rations
 t - 4 meat rations
 w - 8 fruits
 G - 8 chunks of flesh
 H - a beef jerky


   Skills:
 + Level 10.1 Fighting
 * Level 11.9 Polearms
 * Level 9.6 Bows
 + Level 10.5 Armour
 + Level 8.7 Dodging


You had 10 spell levels left.
You didn't know any spells.

Dungeon Overview and Level Annotations

Branches:
Dungeon (8/15)             Temple (0/1) D:5            Lair (3/6) D:8
  Swamp: Lair:2-4    Shoals: Lair:2-4     Snake: Lair:2-4    Spider: Lair:2-4

Altars:
Fedhas
Hepliaklqana
Kikubaaqudgha
Vehumet
The Shining One

Shops:
D:5 }


Innate Abilities, Weirdness & Mutations

You reflexively headbutt those who attack you in melee.
You have a pair of horns on your head.


Message History

You are too injured to fight recklessly!
You are too injured to fight recklessly!
The polar bear closely misses you.
The polar bear claws you but does no damage.
The polar bear claws you.
* * * LOW HITPOINT WARNING * * *
The polar bear bites you but does no damage.
The polar bear claws you but does no damage.
The polar bear barely misses you. The polar bear bites you!
* * * LOW HITPOINT WARNING * * *
The polar bear claws you but does no damage.
The polar bear claws you.
* * * LOW HITPOINT WARNING * * *
Your skin crawls.
You feel resistant to hostile enchantments.
You are feeling hungry.
You feel yourself speed up. The polar bear bites you!
You die...

......# ..^...# ##..#
..... ####P.#
#....###...# #..##
##...#.....# ##..###
#..........##
##.#.P####..........#
#..................# #
###.................#
###.P...........@h....#
..........#####.##.#...#
.#####...## ## ###..##
..# #...# ...# .##
##...# ..## ..# ...# ..#
.## ..## ..# .# ..# ..#
.# ..# ....


You could see a polar bear (berserk).

Vanquished Creatures
  10 elephants (Lair:3)
  2 black mambas
  2 spiny frogs
  A komodo dragon (Lair:2)
  6 slime creatures (D:8)
  4 hippogriffs
  13 yaks
  Menkaure (D:5)
  10 water moccasins
  An orc warrior (D:7)
  A sky beast (D:7)
  A phantom (D:4)
  An ice beast (D:7)
  A necrophage (D:5)
  3 ogres
  3 centaurs
  5 crocodiles
  A big kobold (D:7)
  10 bullfrogs
  Blork the orc (D:4)
  2 scorpions
  4 killer bees (D:7)
  A howler monkey (D:4)
  2 electric eels (Lair:1)
  3 crimson imps
  A quasit (D:6)
  2 hounds
  2 bullfrog zombies (D:8)
  A gnoll shaman (D:7)
  6 orc priests
  A bullfrog skeleton (D:4)
  A centaur skeleton (D:4)
  A jelly (D:6)
  Jessica (D:2)
  4 iguanas
  Terence (D:3)
  4 orc wizards
  2 worker ants (D:4)
  Natasha (thrice) (D:3)
  A statue (D:6)
  A big kobold zombie (Ossuary)
  8 mummies (Ossuary)
  4 gnolls (D:7)
  8 adders
  4 shadow imps
  4 adder skeletons
  A worm (D:5)
  A dart slug (D:1)
  8 leopard geckos
  18 orcs
  A ball python (D:2)
  8 bats
  3 giant cockroaches
  3 gnoll zombies (Ossuary)
  7 goblins
  11 hobgoblins
  13 jackals
  12 kobolds
  A quokka (D:6)
  5 frilled lizards
  A hobgoblin zombie (Ossuary)
  A jackal zombie (D:7)
  2 kobold zombies
  A leopard gecko skeleton (D:4)
  2 orc zombies (Ossuary)
  A quokka zombie (D:6)
  6 rats
255 creatures vanquished.

Vanquished Creatures (others)
  An orc (D:8)
1 creature vanquished.

Grand Total: 256 creatures vanquished

Notes
Turn   | Place    | Note
-------+----------+-------------------------------------------
     0 | D:1      | nikopol the Minotaur Berserker began the quest for the Orb.
     0 | D:1      | Reached XP level 1. HP: 19/19 MP: 0/0
   146 | D:1      | Reached XP level 2. HP: 21/27 MP: 1/1
   619 | D:1      | Reached XP level 3. HP: 33/33 MP: 2/2
   854 | D:2      | Reached skill level 4 in Polearms
   906 | D:2      | Reached ** piety under Trog
  1012 | D:2      | Noticed Jessica
  1022 | D:2      | Killed Jessica
  1022 | D:2      | Reached XP level 4. HP: 35/41 MP: 3/3
  1464 | D:2      | Found a hazy altar of Hepliaklqana.
  1749 | D:3      | Noticed Natasha
  1759 | D:3      | Killed Natasha
  1759 | D:3      | Reached XP level 5. HP: 43/47 MP: 4/4
  1780 | D:3      | Noticed Terence
  1786 | D:3      | Killed Terence
  1786 | D:3      | Reached skill level 5 in Fighting
  1990 | D:3      | Noticed Natasha
  2004 | D:3      | Killed Natasha
  2013 | D:3      | Reached *** piety under Trog
  2126 | D:3      | Noticed Natasha
  2137 | D:3      | Killed Natasha
  2401 | D:4      | Noticed Blork the orc
  2408 | D:4      | Killed Blork the orc
  2408 | D:4      | Reached skill level 5 in Polearms
  2408 | D:4      | Reached XP level 6. HP: 56/56 MP: 5/5
  2649 | D:4      | Reached skill level 5 in Armour
  2672 | D:4      | Found a glowing golden altar of the Shining One.
  2875 | D:4      | Reached XP level 7. HP: 51/63 MP: 6/6
  3107 | D:5      | Entered Level 5 of the Dungeon
  3403 | D:5      | Found a staircase to the Ecumenical Temple.
  3776 | D:5      | Noticed Menkaure
  3792 | D:5      | Killed Menkaure
  3792 | D:5      | Reached skill level 6 in Polearms
  4030 | D:5      | Found Teseh's Gadget Shop.
  4060 | D:5      | Reached **** piety under Trog
  4327 | D:6      | Reached skill level 5 in Dodging
  4327 | D:6      | Reached XP level 8. HP: 56/71 MP: 7/7
  5067 | D:6      | Found a radiant altar of Vehumet.
  5629 | D:7      | Reached skill level 1 in Bows
  5712 | D:7      | Found an ancient bone altar of Kikubaaqudgha.
  5714 | D:7      | Found a blossoming altar of Fedhas.
  5951 | D:7      | Reached skill level 7 in Polearms
  6000 | D:7      | Found a sand-covered staircase.
  6009 | Ossuary  | Entered an ossuary
  6400 | D:7      | Reached XP level 9. HP: 75/79 MP: 8/8
  6865 | D:7      | Reached skill level 8 in Polearms
  7098 | D:7      | Received a gift from Trog
  7229 | D:8      | Reached ***** piety under Trog
  7341 | D:8      | Reached skill level 5 in Bows
  7356 | D:8      | Reached skill level 9 in Polearms
  7657 | D:8      | Reached XP level 10. HP: 43/90 MP: 9/9
  7856 | D:8      | Found a staircase to the Lair.
  8647 | Lair:1   | Entered Level 1 of the Lair of Beasts
  9334 | Lair:1   | Noticed a spiny frog
  9349 | Lair:1   | Killed a spiny frog
  9349 | Lair:1   | Reached skill level 10 in Polearms
 11004 | Lair:2   | Received a gift from Trog
 11076 | Lair:2   | Reached XP level 11. HP: 81/97 MP: 10/10
 11391 | Lair:2   | Reached skill level 11 in Polearms
 11758 | Lair:2   | Reached skill level 10 in Armour
 12392 | Lair:3   | Reached skill level 10 in Fighting
 12456 | Lair:3   | HP: 1/99 [polar bear (4)]
 12457 | Lair:3   | Mangled by a polar bear

Skill      XL: |  1  2  3  4  5  6  7  8  9 10 11 |
---------------+----------------------------------+-----
Fighting       | 4 5 6 7 8 9 10 | 10.1
Armour         | 3 4 5 6 7 8 9 10 | 10.5
Polearms       | 4 5 6 7 9 10 11 | 11.9
Dodging        | 3 4 5 6 7 8 |  8.7
Bows           | 3 6 7 9 |  9.6

Action                   |  1- 3 |  4- 6 |  7- 9 | 10-12 || total
-------------------------+-------+-------+-------+-------++-------
Melee: Spear             |    81 |   184 |   455 |   359 ||  1079
       Headbutt          |    10 |    25 |    91 |   106 ||   232
 Fire: Shortbow          |       |       |   101 |   159 ||   260
Invok: Berserk           |       |     2 |     6 |     3 ||    11
       Trog's Hand       |       |       |       |     1 ||     1
  Use: Scroll            |       |       |    20 |       ||    20
 Stab: Sleeping          |     2 |       |       |       ||     2
  Eat: Chunk             |       |     8 |    19 |    17 ||    44
       Pizza             |       |       |     1 |       ||     1
       Fruit             |       |       |       |     1 ||     1
Armor: Animal skin       |     8 |    10 |       |       ||    18
       Plate armour      |       |    53 |   120 |       ||   173
       Scale mail        |       |       |    61 |   111 ||   172
Dodge: Dodged            |    27 |    54 |   189 |   196 ||   466
